 Dungeon Crawl Stone Soup version 0.28.0-53-g5a82cb258f (webtiles) character file.

Game seed: 11263825204465139168

120 Icepheonix32 the Insei (level 5, -1/37 HPs)
             Began as a Merfolk Transmuter on June 6, 2022.
             Slain by a black bear (9 damage)
             ... on level 4 of the Dungeon.
             The game lasted 00:03:49 (2842 turns).

Icepheonix32 the Insei (Merfolk Transmuter)         Turns: 2842, Time: 00:03:49

Health: -1/37      AC:  3    Str: 10    XL:     5   Next: 4%
Magic:  8/8        EV: 13    Int: 14    God:
Gold:   83         SH:  0    Dex: 15    Spells: 5/8 levels left

rFire   . . .      SeeInvis .     - Unarmed
rCold   . . .      Faith    .   (no shield)
rNeg    + . .      Spirit   .   a - +0 robe
rPois   .          Reflect  .   (helmet currently unavailable)
rElec   .          Harm     .   g - +0 cloak
rCorr   .          Rampage  .   (no gloves)
Will    .....                   (boots currently unavailable)
Stlth   +.........              (no amulet)
HPRegen 0.12/turn               b - ring of positive energy
MPRegen 0.11/turn               (no ring)

@: appendages (expiring)
A: horns 2, (nimble swimmer 2), mertail
a: End Transformation


You were on level 4 of the Dungeon.
You had temporarily grown beastly horns.
You visited 1 branch of the dungeon, and saw 4 of its levels.

You collected 83 gold pieces.

Inventory:

Hand Weapons
 o - the +3 short sword of Joutotyz {holy, rCorr Str+4 Int-2}
   (You found it on level 2 of the Dungeon)

   It has been blessed by the Shining One to cause great damage to the undead
   and demons.
   Str:       It affects your strength (+4).
   Int:       It affects your intelligence (-2).
   rCorr:     It protects you from acid and corrosion.
 p - a +0 hunting sling
 v - a +0 dagger of flaming
Missiles
 m - 5 poisoned darts
 n - 39 sling bullets
 r - 6 boomerangs
Armour
 a - a +0 robe (worn)
 g - a +0 cloak (worn)
Jewellery
 b - a ring of positive energy (left hand)
Wands
 s - a wand of acid (8)
Scrolls
 h - 3 scrolls of fear
 i - a scroll of teleportation {unknown}
 j - a scroll of enchant weapon {unknown}
 k - a scroll of holy word {unknown}
 q - a scroll of magic mapping {unknown}
 t - a scroll of noise {unknown}
 u - 2 scrolls of blinking
Potions
 c - a potion of attraction
 d - a potion of curing


   Skills:
 - Level 1.1 Fighting
 + Level 3.7 Dodging
 + Level 5.0 Unarmed Combat
 - Level 2.0 Spellcasting
 + Level 4.0 Transmutations


You had 5 spell levels left.
You knew the following spells:

 Your Spells              Type           Power      Damage    Failure   Level
a - Beastly Appendage     Tmut           24%        N/A       4%          1
b - Wereblood             Tmut           12%        N/A       7%          2

Your spell library contained the following spells:

 Spells                   Type           Power      Damage    Failure   Level
 Spider Form              Tmut/Pois      7%         N/A       30%         3
 Ice Form                 Ice/Tmut       7%         N/A       71%         4
 Fireball                 Conj/Fire      0%         3d3       100%        5
 Iskenderun's Battlesphe  Conj           1%         2d6       100%        5
 Conjure Ball Lightning   Conj/Air       0%         3x3d6     100%        6
 Orb of Destruction       Conj           0%         9d5       100%        7


Dungeon Overview and Level Annotations

Branches:
Dungeon (4/15)
 Temple: D:4-7

Altars:
Uskayaw


Innate Abilities, Weirdness & Mutations

You have temporarily grown beastly horns.
((You are very nimble when in or above water. (Stealth+, EV+, Speed+++)))
Your lower body shifts to a powerful aquatic tail in water.


Message History

The iguana hisses angrily.
Aiming: Corrosive Bolt
Press: ? - help, Shift-Dir - straight line, f - black bear
Aim: a black bear (79% to hit)
The bolt of acid hits the black bear!
The acid corrodes the black bear!
The black bear is moderately wounded.
It was a potion of ambrosia.
You are confused.
You feel invigorated.
You bump into the rock wall.
An ogre comes into view. It is wielding a +0 giant spiked club.
The black bear bites you! The black bear claws you. x2
You bump into the rock wall.
You feel less invigorated.
You feel less confused.
The ogre shouts!
You hear a bark!
The black bear bites you. The black bear claws you.
The black bear completely misses you.
You hit the black bear. You headbutt the black bear.
The black bear is severely wounded.
A hound comes into view.
The black bear closely misses you. The black bear completely misses you.
The black bear barely misses you.
You hit the black bear.
The black bear is severely wounded.
The iguana bites you. The black bear closely misses you. x2
The black bear claws you but does no damage.
Unknown command.
A giant cockroach comes into view.
The black bear goes berserk!
The black bear barely misses you. The black bear claws you.
The black bear barely misses you. The black bear bites you.
* * * LOW HITPOINT WARNING * * *
The black bear barely misses you. The black bear claws you.
* * * LOW HITPOINT WARNING * * *
You see here a +0 dagger.
You hear an angry hiss.
Your transformation is almost over.
The black bear bites you!
You die...

#.... # #....
##+####### #.#....
#............. .......
#.............
.....O(###............Z
.......+.<#@####.......
.....O.####h####.......
..........l.B........?.
#[######.h.............
#.........?.....
#########.......
#######


You could see a black bear (berserk, corroded), an iguana, a hound and a giant
cockroach.

Vanquished Creatures
  A jelly (D:3)
  An iguana (D:2)
  2 adders
  2 dart slugs (D:2)
  An orc (D:3)
  8 ball pythons
  4 endoplasms
  2 giant cockroaches
  4 goblins
  2 hobgoblins
  4 jackals (D:3)
  5 bats
  4 frilled lizards
  2 kobolds
  3 rats
45 creatures vanquished.

Notes
Turn   | Place    | Note
-------+----------+-------------------------------------------
     0 | D:1      | Icepheonix32 the Merfolk Transmuter began the quest for the
                  | Orb.
     0 | D:1      | Reached XP level 1. HP: 15/15 MP: 3/3
   737 | D:1      | Reached XP level 2. HP: 21/21 MP: 3/5
   786 | D:1      | Found a faded altar of an unknown god.
   977 | D:2      | Learned a level 2 spell: Wereblood
  1031 | D:2      | Found a hide-covered altar of Uskayaw.
  1039 | D:2      | Reached skill level 4 in Unarmed Combat
  1039 | D:2      | Reached XP level 3. HP: 5/26 MP: 4/6
  1457 | D:2      | Reached XP level 4. HP: 26/32 MP: 5/7
  1748 | D:2      | Identified the +3 short sword of Joutotyz {holy, rCorr
                  | Str+4 Int-2}
  2231 | D:3      | Reached skill level 5 in Unarmed Combat
  2456 | D:3      | Reached XP level 5. HP: 35/37 MP: 6/8
  2820 | D:4      | Noticed a black bear
  2834 | D:4      | Noticed an ogre
  2842 | D:4      | Slain by a black bear

Illustrated notes

Levels and vault maps discovered:
D:1:      dpeg_arrival_boxorama, layout_rooms,
          hellmonk_ecumenical_altar_heavens_door
D:2:      layout_basic, basic_altar
D:3:      layout_basic, minmay_box_of_dots
D:4:      layout_basic, mainiacjoe_overflow_24_doors

Skill      XL: |  1  2  3  4 |
---------------+-------------+-----
Dodging        | 3 |  3.7
Transmutations | 3 4 |  4.0
Unarmed Combat | 4 5 |  5.0
Fighting       | |  1.1
Spellcasting   | |  2.0

Action                   |  1- 3 |  4- 6 || total
-------------------------+-------+-------++-------
Melee: Unarmed           |    55 |    53 ||   108
       Headbutt          |     9 |     6 ||    15
       Punch             |     1 |     2 ||     3
 Cast: Beastly Appendage |    20 |    15 ||    35
Evoke: Wand              |       |     1 ||     1
  Use: Scroll            |       |     4 ||     4
       Potion            |       |     1 ||     1
 Stab: Sleeping          |       |     1 ||     1
Armor: Robe              |     6 |    24 ||    30
Dodge: Dodged            |    42 |    40 ||    82
